 Dungeon Sprint DCSS version 0.31-a0-325-g067879e3d3 (webtiles) character file.

Game seed: 8054917844700930047

8 HallandMoats the Demonic Disaster (level 2, -1/27 HPs)
             Began as a Demonspawn Monk on July 19, 2023.
             Was a Believer of Qazlal.
             Slain by a draconian
             ... wielding a +0 dagger of electrocution
              (20 damage)
             ... in the Dungeon (Sprint V: "Ziggurat Sprint").
             The game lasted 00:01:53 (78 turns).

HallandMoats the Demonic Disaster (Demonspawn Monk)   Turns: 78, Time: 00:01:54

Health: -1/27      AC: 17    Str: 23    XL:     2   Next: 0%
Magic:  2/5        EV: -2    Int: 13    God:    Qazlal [**....]
Gold:   0          SH: 28    Dex: 15    Spells: 1/1 levels left

rFire   + . .        B - +11 Screaming Sword {sonic wave}
rCold   + . .        C - +18 shield of the Gong {Loud rN+ Will+ rCorr EV-5}
rNeg    + . .        t - +5 gold dragon scales
rPois   +            (no helmet)
rElec   .            (no cloak)
rCorr   +            (no gloves)
SInv    .            (no boots)
Will    +....        (no amulet) Stlth
                     A - +6 ring of strength
HPRegen 0.24/turn    z - +6 ring of strength
MPRegen 0.09/turn

%: no teleportation
@: no status effects
A: big brain 1
a: Renounce Religion, Upheaval


You were in the Dungeon.
You worshipped Qazlal.
Qazlal was pleased with you.
You visited 1 branch

Inventory:

Hand Weapons
 B - the +11 Screaming Sword (weapon) {sonic wave}
   (You found it in the Dungeon)
Armour
 t - +5 gold dragon scales (worn)
 C - the +18 shield of the Gong (worn) {Loud rN+ Will+ rCorr EV-5}
   (You found it in the Dungeon)

   Loud:      It is deafeningly noisy when blocking attacks.
   EV:        It affects your evasion (-5).
   rN:        It protects you from negative energy.
   rCorr:     It protects you from acid and corrosion.
   Will:      It increases your willpower.
Jewellery
 z - a +6 ring of strength (right hand)
 A - a +6 ring of strength (left hand)
Scrolls
 j - 4 scrolls of blinking
 p - 4 scrolls of amnesia
 q - 7 scrolls of fog
 r - 5 scrolls of identify
 s - 2 scrolls of fear
Potions
 c - a potion of ambrosia
 e - 9 potions of curing
 f - 9 potions of heal wounds
 g - 6 potions of haste
 h - 7 potions of magic
 i - 3 potions of berserk rage
 k - 2 potions of brilliance
 l - 2 potions of invisibility
 m - 4 potions of resistance
 o - 5 potions of might


   Skills:
 * Level 5.5 Fighting
 * Level 4.0 Long Blades
 + Level 0.0 Armour
 + Level 2.6 Dodging
 + Level 0.0 Shields
 + Level 5.9 Invocations


You had one spell level left.
You didn't know any spells.
Your spell library was empty.

Dungeon Overview and Level Annotations

Branches:
Dungeon (1/1)

Altars:
Ashenzari
Cheibriados
Dithmenos
Fedhas
Gozag
Hepliaklqana
Kikubaaqudgha
Makhleb
Nemelex Xobeh
Okawaru
Qazlal
Ru
Sif Muna
Trog
Uskayaw
Vehumet
Wu Jian
Xom
Yredelemnul
Jiyva
Lugonu

Annotations:
D 1 transporter


Innate Abilities, Weirdness & Mutations

You have an unusually large brain. (Int +2)


Message History

The draconian is moderately wounded.
The draconian is severely wounded.
The draconian hits you with a +2 short sword of venom.
You are poisoned.
You block the draconian's attack.
GONNNNG!
You slash the draconian!
The draconian is almost dead.
* * * LOW HITPOINT WARNING * * *
You feel very sick. You block the draconian's attack.
PANG!
You block the draconian's attack.
SHROANNG!
You feel better.
The draconian hits you with a +0 dagger of electrocution!
You block the draconian's attack.
GONNNNG!
You feel much better. You block the draconian's attack.
PANG!
You block the draconian's attack.
GONNNNG!
You hit the draconian but do no damage.
The draconian is moderately wounded.
The draconian hits you but does no damage.
You are electrocuted!
You block the draconian's attack.
GONNNNG!
The draconian hits you but does no damage.
You block the draconian's attack.
PANG!
You slash the draconian!
The Screaming Sword bellows, "DIE WHILE I'M SINGING!"
You send a blast of sound all around you.
You kill the draconian!
Qazlal accepts your kill.
The draconian is severely wounded. x2
The draconian hits you but does no damage.
You are electrocuted!!
Ouch! That really hurt!
You die...

▓▓▓▓▓▓▓
▓.8©8.▓
▓.....▓
▓.).|.▓
▓..)d.▓
▓..@°.▓
▓..©..▓
▓▓▓▓▓▓▓


You could see a draconian.

Vanquished Creatures
  A draconian (D)
1 creature vanquished.

Notes
Turn   | Place    | Note
-------+----------+-------------------------------------------
     0 | D        | HallandMoats the Demonspawn Monk began the quest for the
                  | Orb.
     0 | D        | Reached XP level 1. HP: 18/18 MP: 1/1
     0 | D        | Found a shimmering blue altar of Sif Muna.
     0 | D        | Found a bloodstained altar of Trog.
     0 | D        | Found a sacrificial altar of Ru.
     0 | D        | Found a stormy altar of Qazlal.
     0 | D        | Found an iron altar of Okawaru.
     1 | D        | Found a sparkling altar of Nemelex Xobeh.
     1 | D        | Found a blossoming altar of Fedhas.
     1 | D        | Found the +6 Majin-Bo {spellvamp, MP+6 Int+6}
     1 | D        | Found the +27 heavy crossbow "Sniper" {heavy, Acc+∞ SInv}
     1 | D        | Found the +10 dark maul {heavy}
     1 | D        | Found the +15 Maxwell's patent armour {-Cast -Tele rElec
                  | Will+ rCorr}
     1 | D        | Found the +18 shield of the Gong {Loud rN+ Will+ rCorr
                  | EV-5}
     1 | D        | Found the +16 obsidian axe {drain, demonic, Mesm Drain Fly
                  | SInv}
     1 | D        | Found the +7 great mace "Firestarter" {flame, immolate,
                  | rFlCloud rF++}
     1 | D        | Found the +6 shillelagh "Devastator" {shatter}
     1 | D        | Found the +11 plutonium sword {Contam Stlth-}
     1 | D        | Found the +8 lance "Wyrmbane" {slay drac, rPois rF+ rC+
                  | AC+3}
     1 | D        | Found the +9 sword of Zonguldrok {reap}
     1 | D        | Found the +13 scythe of Curses {drain, curses, Drain}
     1 | D        | Found the +9 sword of Power {lifebolt}
     1 | D        | Found the +7 mace of Variability {chaos, chaos arc}
     1 | D        | Found the +11 Singing Sword {sonic wave}
     1 | D        | Found the +8 storm bow {elec, penet}
     3 | D        | Found a transporter.
     3 | D        | Found an ancient bone altar of Kikubaaqudgha.
     3 | D        | Found a viscous altar of Jiyva.
     3 | D        | Found a corrupted altar of Lugonu.
     3 | D        | Found a hazy altar of Hepliaklqana.
     3 | D        | Found a burning altar of Makhleb.
     3 | D        | Found an opulent altar of Gozag.
    29 | D        | Became a worshipper of Qazlal Stormbringer
    29 | D        | Reached * piety under Qazlal
    29 | D        | Reached ** piety under Qazlal
    67 | D        | Reached skill level 5 in Fighting
    67 | D        | Reached skill level 5 in Invocations
    67 | D        | Gained mutation: You have an unusually large brain. (Int
                  | +2) [demonic ancestry]
    67 | D        | Reached XP level 2. HP: 27/27 MP: 1/5
    70 | D        | Entered arena 2.
    70 | D        | Noticed a draconian
    70 | D        | Noticed a draconian
    70 | D        | Found a transporter.
    78 | D        | Killed a draconian
    78 | D        | Slain by a draconian

Illustrated notes

Levels and vault maps discovered:
D:        sprint_v [room_start, room_1, room_2, room_3, room_4, room_5, room_6,
          room_7, room_8, room_9, room_10, room_11, room_12, room_13, room_14,
          room_15, room_16, room_17, room_18, room_19, room_20, room_21,
          room_22, room_23, room_24, room_25, room_26, room_27]

Skill      XL: |  1 |
---------------+----+-----
Fighting       | 5 |  5.5
Long Blades    | 4 |  4.0
Invocations    | 5 |  5.9
Dodging        | |  2.6

Action                     || total
---------------------------++-------
  Melee: Double sword      ||     5
    Use: Potion            ||     3
 Armour: Gold dragon scale ||     4
  Block: Kite shield       ||    11

Table legend: (Time is in decaauts)
 A = Elapsed time spent in this place.
 B = Non-inter-level travel time spent in this place.
 C = Inter-level travel time spent in this place.
 D = Time resting spent in this place.
 E = Time spent auto-exploring this place.
 F = Levels seen in this place.
 G = Mean time per level.
                   A        B        C        D        E       F      G
               +--------+--------+--------+--------+--------+-----+--------+
         Total |     78 |     78 |      0 |      0 |      0 |   1 |   78.0 |
       Dungeon |     78 |     78 |      0 |      0 |      0 |   1 |   78.0 |
               +--------+--------+--------+--------+--------+-----+--------+

Top non-repeatable levels by time:
       D: 78 daAuts
